 Dungeon Crawl Stone Soup version 0.30-b1-2-g02819fbbbe (webtiles) character file.

Game seed: 10674532648742630921

6611 Arcadio the Cleaver (level 10, -2/145 HPs)
             Began as a Minotaur Berserker on May 8, 2023.
             Was an Elder of Trog.
             Slain by an eight-headed hydra (11 damage)
             ... on level 1 of the Lair of Beasts.
             The game lasted 00:15:36 (9838 turns).

Arcadio the Cleaver (Minotaur Berserker)            Turns: 9838, Time: 00:15:36

Health: -2/145     AC: 16    Str: 32    XL:     10   Next: 71%
Magic:  9/9        EV:  9    Int:  4    God:    Trog [****..]
Gold:   345        SH:  0    Dex: 10    Spells: 9/9 levels left

rFire   . . .        K - +2 whip (vamp)
rCold   . . .        (no shield)
rNeg    . . .        v - +0 plate armour
rPois   .            (helmet restricted)
rElec   .            x - +0 cloak
rCorr   .            (no gloves)
SInv    .            (no boots)
Will    .....        (no amulet) Stlth
                     F - +6 ring of strength
HPRegen 0.44/turn    (no ring)
MPRegen 0.11/turn

%: no passive effects
@: berserking, very quick
A: horns 2, retaliatory headbutt
a: Renounce Religion, Berserk, Trog's Hand, Brothers in Arms


You were on level 1 of the Lair of Beasts.
You worshipped Trog.
Trog was greatly pleased with you.
You visited 3 branches of the dungeon, and saw 11 of its levels.

You collected 429 gold pieces.
You spent 84 gold pieces at shops.

Inventory:

Hand Weapons
 a - a +0 hand axe
 r - a +0 battleaxe
 u - a +0 dire flail
 y - a +1 war axe of electrocution
 K - a +2 vampiric whip (weapon)
Missiles
 D - a curare-tipped dart (quivered)
 E - 2 throwing nets
 G - 6 silver boomerangs
Armour
 b - a +0 animal skin
 l - a +0 ring mail
 v - a +0 plate armour (worn)
 x - a +0 cloak (worn)
Jewellery
 F - a +6 ring of strength (left hand)
Wands
 i - a wand of mindburst (19)
 H - a wand of roots (3)
 I - a wand of flame (15)
Scrolls
 f - 6 scrolls of identify {unknown}
 g - 2 scrolls of teleportation {unknown}
 h - 3 scrolls of fear {unknown}
 k - a scroll of poison {unknown}
 m - 2 scrolls of magic mapping {unknown}
 p - 2 scrolls of enchant weapon {unknown}
 s - 2 scrolls of vulnerability {unknown}
 B - a scroll of noise {unknown}
 J - a scroll of silence {unknown}
Potions
 c - 4 potions of heal wounds {unknown}
 d - 2 potions of mutation {unknown}
 e - 3 potions of attraction {unknown}
 j - 3 potions of flight {unknown}
 n - 3 potions of brilliance {unknown}
 o - 4 potions of curing {unknown}
 q - a potion of ambrosia {unknown}
 t - a potion of resistance {unknown}
 w - a potion of invisibility {unknown}
 z - a potion of berserk rage {unknown}
 A - a potion of haste
 C - 3 potions of might {unknown}


   Skills:
 + Level 11.9 Fighting
 + Level 11.9 Axes
 + Level 11.6 Armour
 - Level 2.1 Dodging


You had 9 spell levels left.
You didn't know any spells.
Your spell library was empty.

Dungeon Overview and Level Annotations

Branches:
Dungeon (8/15) Zot: 25299  Temple (1/1) D:4 Zot: 5985    Lair (2/5) D:8 Zot: 10726
  Swamp: Lair:2-3    Shoals: Lair:2-3     Snake: Lair:2-3    Spider: Lair:2-3

Altars:
Ashenzari
Hepliaklqana
Nemelex Xobeh
Uskayaw
Vehumet
Wu Jian
Zin

Shops:
D:3 (

Annotations:
D:8 2 transporters


Innate Abilities, Weirdness & Mutations

You have a pair of horns on your head.
You reflexively headbutt those who attack you in melee.


Message History

You feel yourself moving faster!
You feel mighty! The yak gores you!
* * * LOW HITPOINT WARNING * * *
The yak barely misses you. x2; You furiously retaliate!
You headbutt the yak!! You thrash the yak!!
You feel better.
You kill the yak!
Trog accepts your kill.
You barely miss the yak. You whack the yak!
The yak is heavily wounded.
The yak gores you but does no damage.
You hit the eight-headed hydra.
You feel better.
The eight-headed hydra is lightly wounded.
You whack the eight-headed hydra!
Your headbutt misses the eight-headed hydra.
The eight-headed hydra is moderately wounded.
The yak gores you but does no damage.
You barely miss the eight-headed hydra.
The eight-headed hydra is moderately wounded.
The eight-headed hydra bites you.
The eight-headed hydra bites you but does no damage.
The eight-headed hydra bites you!
* * * LOW HITPOINT WARNING * * *
The eight-headed hydra bites you.
* * * LOW HITPOINT WARNING * * *
The eight-headed hydra bites you but does no damage.
The eight-headed hydra barely misses you.
The eight-headed hydra bites you.
* * * LOW HITPOINT WARNING * * *
The eight-headed hydra bites you but does no damage.
You barely miss the eight-headed hydra. You headbutt the eight-headed hydra.
The eight-headed hydra is moderately wounded.
The yak gores you.
* * * LOW HITPOINT WARNING * * *
The yak gores you but does no damage.
You whack the eight-headed hydra!
You feel better.
The eight-headed hydra is heavily wounded.
The eight-headed hydra bites you.
* * * LOW HITPOINT WARNING * * *
The eight-headed hydra bites you!
You die...

......PP.PPPPP...................
......PPPPPPP......^.............
......PP.PP......................
.......PP...[......P.P...........
........PPP.......PPP.P..........
...................♣♣♣P..........
...............†....♣P♣..........
...............YDY.♣PP...........
P.#######.##.###@##..P......[...#
### ###### ######..........#♣ #
##.........♣♣ ### #####
#........♣..
#.###########.#.######...........
..............................P.♣
.......................<......♣P♣
........................P......♣.
......................P..P.....♣♣


You could see an eight-headed hydra and 2 yaks.

Vanquished Creatures
  A black mamba (D:8)
  A cane toad (Lair:1)
  2 komodo dragons
  2 wyverns
  Eustachio (D:5)
  7 yaks
  3 fire bats (Lair:1)
  A steam dragon (D:6)
  A basilisk (Lair:1)
  6 water moccasins
  A sky beast (D:7)
  An orc warrior (D:4)
  2 black bears (D:5)
  2 ogres (D:6)
  3 wolves (Lair:1)
  A centaur (D:8)
  3 phantoms
  A kobold brigand (D:7)
  3 bullfrogs
  2 scorpions (D:6)
  5 wights
  9 killer bees
  A howler monkey (D:7)
  A jelly (D:4)
  A gnoll bouda (D:7)
  2 hounds
  2 orc priests (D:3)
  2 iguanas
  8 orc wizards
  4 gnolls (D:7)
  6 adders
  3 white imps
  3 ufetubi
  2 worms
  4 dart slugs
  12 orcs
  9 ball pythons
  6 bats
  7 endoplasms
  5 giant cockroaches
  9 goblins
  5 hobgoblins
  6 jackals
  12 kobolds
  2 quokkas (D:3)
  2 frilled lizards
  5 rats
  3 bushes (Lair:1)
180 creatures vanquished.

Vanquished Creatures (others)
  A fungus (Lair:1)
  35 plants
36 creatures vanquished.

Grand Total: 216 creatures vanquished

Notes
Turn   | Place    | Note
-------+----------+-------------------------------------------
     0 | D:1      | Arcadio the Minotaur Berserker began the quest for the Orb.
     0 | D:1      | Reached XP level 1. HP: 19/19 MP: 0/0
    72 | D:1      | Reached XP level 2. HP: 26/27 MP: 1/1
   650 | D:2      | Reached XP level 3. HP: 33/33 MP: 2/2
   677 | D:2      | Reached ** piety under Trog
   723 | D:2      | You fall into a shaft and drop 2 floors!
   772 | D:4      | Noticed an orc warrior
  1150 | D:2      | Found a faded altar of an unknown god.
  1632 | D:3      | Reached XP level 4. HP: 29/41 MP: 3/3
  1643 | D:3      | Reached skill level 5 in Fighting
  1643 | D:3      | Reached skill level 5 in Axes
  1643 | D:3      | Reached XP level 5. HP: 16/48 MP: 4/4
  1981 | D:3      | Found Roomur's Weapon Shoppe.
  1985 | D:3      | Bought a +0 battleaxe for 84 gold pieces
  2237 | D:3      | Found a large runed translucent door.
  2238 | D:3      | Found a large runed translucent door.
  2675 | D:3      | Found an ornate altar of the Wu Jian Council.
  2678 | D:3      | Reached *** piety under Trog
  2687 | D:3      | Found a glowing silver altar of Zin.
  2752 | D:4      | Reached XP level 6. HP: 48/56 MP: 5/5
  2789 | D:4      | Killed an orc warrior
  2790 | D:4      | Reached skill level 5 in Armour
  3746 | D:4      | Identified the +5 short sword of Mayhem {heavy, rN+}
  4164 | D:4      | Reached XP level 7. HP: 47/63 MP: 6/6
  4278 | D:4      | Found a staircase to the Ecumenical Temple.
  4287 | Temple   | Entered the Ecumenical Temple
  4468 | D:5      | Entered Level 5 of the Dungeon
  4575 | D:5      | Found a hide-covered altar of Uskayaw.
  4577 | D:5      | Noticed Eustachio
  4622 | D:5      | Killed Eustachio
  5004 | D:5      | Noticed a wyvern
  5007 | D:5      | Killed a wyvern
  5008 | D:5      | Reached XP level 8. HP: 46/73 MP: 7/7
  6162 | D:7      | Reached **** piety under Trog
  6241 | D:7      | Reached XP level 9. HP: 75/82 MP: 8/8
  7128 | D:8      | Noticed a komodo dragon
  7313 | D:8      | Reached skill level 10 in Fighting
  7313 | D:8      | Reached skill level 10 in Axes
  7469 | D:8      | Found a broken altar of Ashenzari.
  7694 | D:8      | Found a transporter.
  7695 | D:8      | Noticed a kobold demonologist
  7794 | D:8      | Found a transporter.
  7927 | D:8      | Killed a komodo dragon
  7928 | D:8      | Reached skill level 10 in Armour
  7953 | D:8      | Found a staircase to the Lair.
  8064 | D:8      | Noticed a kobold demonologist
  8113 | Lair:1   | Entered Level 1 of the Lair of Beasts
  8183 | D:8      | Reached XP level 10. HP: 94/94 MP: 9/9
  8194 | Lair:1   | Noticed a black mamba
  8220 | D:8      | Killed a black mamba
  9018 | Lair:1   | Noticed a cane toad
  9029 | Lair:1   | Killed a cane toad
  9815 | Lair:2   | Noticed an eight-headed hydra
  9838 | Lair:1   | Slain by an eight-headed hydra

Illustrated notes

Levels and vault maps discovered:
D:1:      erik_arrival_orb_chamber, layout_loops_cross
D:2:      layout_basic, hellmonk_ecumenical_altar_run_dry, minmay_tetromino_t4
D:3:      layout_basic, jmf_multi_god_temple2, serial_shops, shop
D:4:      layout_loops_ring, nicolae_overflow_hidden_temple, temple_green,
          chequers_serial_rivers_large_b, serial_bayou_pond_a
D:5:      layout_loops_cross, nicolae_uskayaw_murder_on_the_dancefloor,
          uniq_eustachio
D:6:      layout_loops_ring
D:7:      layout_loops_ring
D:8:      gammafunk_wand_slinger, layout_basic,
          mainiacjoe_overflow_cross_hatched, david_lair_shrubbed, serial_glass,
          glass_columns_c, glass_columns_a
Temple:   nicolae_temple_god_jail
Lair:1:   layout_big_grid, nicolae_volcano_entry_batcave, serial_forest,
          infiniplex_forest_corner_1, infiniplex_forest_3_way,
          infiniplex_forest_end_double, infiniplex_forest_clump_small,
          infiniplex_forest_straight_5, infiniplex_forest_clump_small,
          infiniplex_forest_pool, st_stairs_5, serial_bayou_shore_b
Lair:2:   lemuel_ratsnest, layout_gridlike, skrybe_swamp_entry_bodies,
          spider_nest_entry_web_field, serial_bayou_shore_b

Skill      XL: |  1  2  3  4  5  6  7  8  9 10 |
---------------+-------------------------------+-----
Axes           | 4 5 6 7 9 10 11 | 11.9
Fighting       | 4 5 6 7 8 10 11 | 11.9
Armour         | 3 4 5 6 8 10 11 | 11.6
Dodging        | |  2.1

Action                     |  1- 3 |  4- 6 |  7- 9 | 10-12 || total
---------------------------+-------+-------+-------+-------++-------
  Melee: Hand axe          |    86 |    38 |       |       ||   124
         Headbutt          |     9 |    15 |    38 |    11 ||    73
         Battleaxe         |       |    59 |    58 |       ||   117
         War axe           |       |       |   128 |    65 ||   193
         Whip              |       |       |       |     8 ||     8
         Punch             |       |       |       |     1 ||     1
 Invoke: Berserk           |       |       |     1 |     3 ||     4
  Evoke: Wand              |       |     3 |     5 |       ||     8
 Armour: Animal skin       |    16 |       |       |       ||    16
         Ring mail         |    14 |    20 |       |       ||    34
         Plate armour      |       |    15 |   151 |    48 ||   214
  Dodge: Dodged            |    53 |    41 |   110 |    36 ||   240
